 Dungeon Crawl Stone Soup version 0.23.1-37-gaa34b87 (webtiles) character file.

Game seed: 4523003682989028098

72 Fang the Skirmisher (level 4, -16/43 HPs)
             Began as a Gargoyle Berserker on Mar 27, 2019.
             Was a Believer of Trog.
             Killed from afar by Ijyb (18 damage)
             ... with a wand of acid (4)
             ... on level 3 of the Dungeon.
             The game lasted 00:03:22 (2308 turns).

Fang the Skirmisher (Gargoyle Berserker)            Turns: 2308, Time: 00:03:22

Health: -16/43     AC: 10    Str: 27    XL:     4   Next: 26%
Magic:  4/4        EV:  8    Int:  7    God:    Trog [**....]
Gold:   162        SH:  0    Dex:  9    Spells: 3/3 levels left

rFire    . . .     SeeInvis .   a - +0 hand axe
rCold    . . .     Gourm    .   (no shield)
rNeg     + . .     Faith    .   d - +0 plate armour
rPois    ∞         Spirit   .   (no helmet)
rElec    +         Reflect  .   (no cloak)
rCorr    .         Harm     .   (no gloves)
MR       .....                  (no boots)
Stlth    ..........             (no amulet)
HPRegen  0.14/turn              (no ring)
MPRegen  0.09/turn              (no ring)

@: berserking, corroded, very quick
A: negative energy resistance 1, electricity resistance, unbreathing,
petrification resistance, rot immunity, AC +3
a: Berserk, Trog's Hand, Renounce Religion


You were on level 3 of the Dungeon.
You worshipped Trog.
Trog was pleased with you.
You were hungry.

You visited 1 branch of the dungeon, and saw 3 of its levels.

You collected 162 gold pieces.

Inventory:

Hand Weapons
 a - a +0 hand axe (weapon)
Armour
 d - a +0 plate armour (worn)
Scrolls
 e - 3 scrolls of identify {unknown}
 f - 3 scrolls of teleportation {unknown}
 g - 3 scrolls of enchant weapon {unknown}
 h - 2 scrolls of amnesia {unknown}
 k - a scroll of remove curse {unknown}
Potions
 i - a potion of resistance {unknown}
 j - a potion of flight {unknown}
Comestibles
 b - 12 chunks of flesh
 c - 11 rations


   Skills:
 + Level 3.9 Fighting
 + Level 3.2 Axes
 + Level 3.0 Armour
 + Level 2.2 Dodging


You had 3 spell levels left.
You didn't know any spells.
Your spell library was empty.

Dungeon Overview and Level Annotations

Branches:
Dungeon (3/15)

Altars:
Wu Jian

Annotations:
D:3 Ijyb


Innate Abilities, Weirdness & Mutations

You are resistant to torment.
Your stone body is resilient. (AC +3)
You are immune to poison.
You resist negative energy. (rN+)
You are resistant to electric shocks. (rElec)
You can survive without breathing.
You are immune to petrification.
You are immune to rotting.


Message History

You are splashed with acid!
* * * LOW HITPOINT WARNING * * *
Ijyb hits you but does no damage.
You are too injured to fight recklessly!
You are too injured to fight recklessly!
You are too injured to fight recklessly!
You are too injured to fight recklessly!
You are too injured to fight recklessly!
You are too injured to fight recklessly!
A red film seems to cover your vision as you go berserk!
You feel yourself moving faster!
You feel mighty!
You are feeling hungry.
Ijyb hits you but does no damage.
You hit Ijyb.
Ijyb is lightly wounded.
You closely miss Ijyb.
Ijyb is lightly wounded.
Ijyb grins evilly.
Ijyb zaps a wand.
The bolt of acid hits you!!
You die...

#.....#...#
#.....#...#
#.....#...#
+##.....##'##
#............#
#............#
##########...#
#.....).#...#
+.....g@'...#
#......)'...#
#############


You could see Ijyb.

Vanquished Creatures
  An adder (D:2)
  2 worms (D:2)
  2 dart slugs
  3 leopard geckos
  3 ball pythons
  6 giant cockroaches
  9 goblins
  4 hobgoblins
  2 jackals (D:3)
  A quokka (D:3)
  2 bats
  2 frilled lizards (D:1)
  A kobold (D:1)
  9 rats
47 creatures vanquished.

Notes
Turn   | Place    | Note
-------+----------+-------------------------------------------
     0 | D:1      | Fang the Gargoyle Berserker began the quest for the Orb.
     0 | D:1      | Reached XP level 1. HP: 14/14 MP: 1/1
   100 | D:1      | Reached XP level 2. HP: 18/19 MP: 2/2
   908 | D:2      | Reached XP level 3. HP: 13/23 MP: 3/3
  1343 | D:2      | Found an ornate altar of the Wu Jian Council.
  2105 | D:3      | Reached XP level 4. HP: 29/29 MP: 4/4
  2244 | D:3      | Reached ** piety under Trog
  2293 | D:3      | Noticed Ijyb
  2305 | D:3      | HP: 1/29 [acid (12)]
  2308 | D:3      | Killed from afar by Ijyb

Skill      XL: |  1  2  3 |
---------------+----------+-----
Axes           | 3 |  3.2
Dodging        | 2 |  2.2
Armour         | 3 |  3.0
Fighting       | |  3.9

Action                   |  1- 3 |  4- 6 || total
-------------------------+-------+-------++-------
Melee: Hand axe          |   143 |    35 ||   178
Invok: Berserk           |     1 |     1 ||     2
  Eat: Chunk             |     5 |     1 ||     6
Armor: Animal skin       |    33 |       ||    33
       Plate armour      |    30 |    33 ||    63
Dodge: Dodged            |    79 |    10 ||    89
